 Dungeon Crawl Stone Soup version 0.20-b1-18-gaa2fd62 (webtiles) character file.

20 Gorglomux the Firebug (level 2, -4/20 HPs)
             Began as a Draconian Fire Elementalist on May 24, 2017.
             Killed from afar by Sigmund (5 damage)
             ... with a magic dart
             ... on level 2 of the Dungeon.
             The game lasted 00:01:38 (931 turns).

Gorglomux the Firebug (Draconian Fire Elementalist)  Turns: 931, Time: 00:01:39

Health: -4/20      AC:  4    Str: 10    XL:     2   Next: 58%
Magic:  5/5        EV: 12    Int: 15    God:
Gold:   39         SH:  0    Dex: 11    Spells: 4/5 levels left

rFire    . . .     SeeInvis .   b - +0 hunting sling
rCold    . . .     Gourm    .   (no shield)
rNeg     . . .     Faith    .   (armour unavailable)
rPois    .         Spirit   .   (helmet restricted)
rElec    .         Reflect  .   (no cloak)
rCorr    .         Harm     .   (no gloves)
MR       .....                  (no boots)
Stlth    +.........             (no amulet)
Regen    0.1/turn               (no ring)
MPRegen  0.1/turn               (no ring)

@: confused
A: unfitting armour, cold-blooded, AC +4
a: no special abilities


You were on level 2 of the Dungeon.
You were not hungry.

You visited 1 branch of the dungeon, and saw 2 of its levels.

You collected 39 gold pieces.

Inventory:

Hand Weapons
 a - a +0 spear
   (You found it on level 1 of the Dungeon)
 b - a +0 hunting sling (weapon)
   (You found it on level 1 of the Dungeon)
Missiles
 e - 16 sling bullets (quivered)
 i - 104 stones
Armour
 o - a +0 shield
   (You found it on level 1 of the Dungeon)
Scrolls
 g - a scroll of teleportation {unknown}
 h - 2 scrolls of immolation {unknown}
 j - 2 scrolls of identify {unknown}
 l - 2 scrolls of remove curse {unknown}
 m - a scroll of amnesia {unknown}
 p - a scroll of enchant weapon {unknown}
Potions
 c - 3 potions of curing {unknown}
 n - a potion of invisibility {unknown}
 q - 2 potions of resistance {unknown}
Books
 f - a book of Flames
Comestibles
 d - a bread ration {@e1}
 r - a meat ration {@e2}


   Skills:
 - Level 1.7 Dodging
 - Level 1.7 Stealth
 + Level 2.2 Spellcasting
 * Level 2.0 Conjurations
 + Level 3.3 Fire Magic


You had 4 spell levels left.
You knew the following spells:

 Your Spells              Type           Power        Failure   Level  Hunger
a - Flame Tongue          Conj/Fire      #....        8%          1    #......


Dungeon Overview and Level Annotations

Branches:
Dungeon (2/15)

Altars:
Nemelex Xobeh

Annotations:
D:2 Sigmund


Innate Abilities, Weirdness & Mutations

Your plain brown scales are hard. (AC +4)
You cannot fit into any form of body armour.
You are cold-blooded and may be slowed by cold attacks.


Message History

Found an escape hatch in the floor.
There isn't anything here!
All of the chunks of flesh in your inventory have rotted away.
You open the door.
There is an open door here.
i - 89 stones (gained 22)
i - 104 stones (gained 15) Done exploring.
Done exploring.
(D) Dungeon
Where to? (? - help)
There is a stone staircase leading down here.
You climb downwards.
A rat comes into view.
There is a stone staircase leading up here.
A rat is nearby!
Aim: a rat You shoot a sling bullet.
The sling bullet closely misses the rat.
Aim: a rat You shoot a sling bullet.
The sling bullet barely misses the rat.
Aim: a rat You shoot a sling bullet.
The sling bullet hits the rat but does no damage.
Aim: a rat The flame tongue hits the rat.
You kill the rat!
Sigmund the Dreaded comes into view.
He is wielding an enchanted scythe.
Sigmund shouts!
Sigmund casts a spell at you. You resist with significant effort.
You see here a rat corpse.
You can't see any susceptible monsters within range! (Use Z to cast anyway.)
Aim: Sigmund, wielding an enchanted scythe and wearing a robe You shoot a sling bullet.
The sling bullet closely misses Sigmund.
Aim: Sigmund, wielding an enchanted scythe and wearing a robe You shoot a sling bullet.
The sling bullet hits Sigmund.
Aim: Sigmund, wielding an enchanted scythe and wearing a robe (lightly wounded)
You shoot a sling bullet.
The sling bullet closely misses Sigmund.
Aim: Sigmund, wielding an enchanted scythe and wearing a robe (lightly wounded)
You shoot a sling bullet.
The sling bullet closely misses Sigmund.
Sigmund screams, "Die, monster!"
Aim: Sigmund, wielding an enchanted scythe and wearing a robe (lightly wounded)
You miscast Flame Tongue.
You are very lightly contaminated with residual magic.
Lukewarm flames ripple over your body.
Sigmund casts a spell.
Sigmund flickers and vanishes!
Deactivating autopickup; reactivate with Ctrl-A.
A leopard gecko comes into view.
You can't see any susceptible monsters within range! (Use Z to cast anyway.) Unknown command.
There is a stone staircase leading up here.
You hear some strange, mumbled words.
A puff of flame appears from out of thin air!
The puff of flame hits you!
You climb upwards.
There is a stone staircase leading down here.
You start resting.
Your magical contamination has completely faded away.
You start resting.
You climb downwards.
Level annotation: Sigmund
There is a stone staircase leading up here.
You can't see any susceptible monsters within range! (Use Z to cast anyway.) Unknown command.
You see here a rat corpse.
Aim: Sigmund, wielding an enchanted scythe and wearing a robe You shoot a sling bullet.
The sling bullet barely misses Sigmund.
Aim: Sigmund, wielding an enchanted scythe and wearing a robe You shoot a sling bullet.
The sling bullet hits Sigmund but does no damage.
Aim: Sigmund, wielding an enchanted scythe and wearing a robe You shoot a sling bullet.
The sling bullet hits Sigmund!
Sigmund gestures at you while chanting.
You are confused.
Sigmund mumbles some strange words.
Sigmund flickers and vanishes!
You bump into the rock wall.
There is a stone staircase leading up here.
You feel less confused.
You hear some strange, mumbled words.
You are confused.
You see here a rat corpse.
You're too confused to move!
Unknown command.
You bump into the rock wall.
Something hits you!
Unknown command.
Unknown command.
Something hits you!
Ouch! That really hurt!
* * * LOW HITPOINT WARNING * * *
You're too confused to move!
You're too confused to move!
A magic dart appears from out of thin air!
The magic dart hits you!
You die...

#########.
#.......(.
#......(.#
#........##
#....(.....
#.........#
#..{.....#
#.†......#
#<@......#
##########


There were no monsters in sight!

Vanquished Creatures
  A worm (D:1)
  A dart slug (D:1)
  A bat (D:1)
  A giant cockroach (D:1)
  3 goblins (D:1)
  2 hobgoblins (D:1)
  2 kobolds (D:1)
  3 rats
14 creatures vanquished.

Notes
Turn   | Place    | Note
-------+----------+-------------------------------------------
     0 | D:1      | Gorglomux the Draconian Fire Elementalist began the quest for the Orb.
     0 | D:1      | Reached XP level 1. HP: 14/14 MP: 3/3
    83 | D:1      | Found a sparkling altar of Nemelex Xobeh.
   157 | D:1      | Reached XP level 2. HP: 20/20 MP: 5/5
   620 | D:1      | Reached skill level 2 in Conjurations
   773 | D:2      | Noticed Sigmund
   929 | D:2      | HP: 1/20 [something (12)]
   931 | D:2      | Killed from afar by Sigmund

Skill      XL: |  1  2 |
---------------+-------+-----
Conjurations   | 2 |  2.0
Dodging        | |  1.7
Stealth        | |  1.7
Spellcasting   | |  2.2
Fire Magic     | |  3.3

Action                   || total
-------------------------++-------
 Fire: Hunting sling     ||    28
 Cast: Flame Tongue      ||    13
Dodge: Dodged            ||     1

Vault maps used:
D:1:      evilmike_arrival_run_for_it, nemelex_xobeh_ov_fountains_minmay
D:2:      minmay_box_of_dots, uniq_sigmund

Table legend:
 A = Turns spent in this place as a percentage of turns spent in the entire game.
 B = Non-inter-level travel turns spent in this place as a percentage of non-inter-level travel turns spent in the entire game.
 C = Inter-level travel turns spent in this place as a percentage of turns spent in this place.
 D = Turns resting spent in this place as a percentage of non-inter-level travel turns spent in this place.
 E = Turns spent auto-exploring this place as a percentage of non-inter-level travel turns spent in this place.
 F = Non-inter-level travel turns spent in this place divided by the number of levels of this place that you've seen.
                   A       B       C       D       E      F
               +-------+-------+-------+-------+-------+----------------------
         Total | 100.0 | 100.0 |   0.5 |   5.4 |  15.3 | 101.5
       Dungeon | 100.0 | 100.0 |   0.5 |   5.4 |  15.3 | 101.5
               +-------+-------+-------+-------+-------+----------------------

Table legend:
 A = Kills in this place as a percentage of kills in entire the game.
 B = Kills by you in this place as a percentage of kills by you in the entire game.
 C = Kills by friends in this place as a percentage of kills by friends in the entire game.
 D = Other kills in this place as a percentage of other kills in the entire game.
 E = Experience gained in this place as a percentage of experience gained in the entire game.
 F = Experience gained in this place divided by the number of levels of this place that you have seen.
                   A       B       C       D       E      F
               +-------+-------+-------+-------+-------+----------------------
         Total | 100.0 | 100.0 |  -nan |  -nan | 100.0 |  14.5
       Dungeon | 100.0 | 100.0 |  -nan |  -nan | 100.0 |  14.5
               +-------+-------+-------+-------+-------+----------------------
